 Dungeon Crawl Stone Soup version 0.30.0-5-g1a98f26d00 (webtiles) character file.

Game seed: 9198970362237008210

4 monsoonserge the Trooper (level 1, -1/18 HPs)
             Began as a Human Cinder Acolyte on May 12, 2023.
             Was a High Priest of Ignis.
             Slain by a gnoll
             ... wielding a +2 whip of venom
              (3 damage)
             ... on level 1 of the Dungeon.
             The game lasted 00:00:42 (172 turns).

monsoonserge the Trooper (Human Cinder Acolyte)      Turns: 172, Time: 00:00:42

Health: -1/18      AC:  3    Str: 14    XL:     1   Next: 66%
Magic:  2/2        EV: 11    Int: 14    God:    Ignis [*****.]
Gold:   27         SH:  0    Dex:  8    Spells: 2/2 levels left

rFire   + . .        a - -1 mace (flame)
rCold   . . .        (no shield)
rNeg    . . .        d - +0 leather armour
rPois   .            (no helmet)
rElec   .            (no cloak)
rCorr   .            (no gloves)
SInv    .            (no boots)
Will    .....        (no amulet)
Stlth   +            (no ring)
HPRegen 0.23/turn    (no ring)
MPRegen 0.08/turn

%: no passive effects
@: lethally poisoned (-1 -> -10)
A: no striking features
a: Renounce Religion, Fiery Armour, Foxfire Swarm, Rising Flame


You were on level 1 of the Dungeon.
You worshipped Ignis.
Ignis was extremely pleased with you.
You visited 1 branch of the dungeon, and saw 1 of its levels.

You collected 27 gold pieces.

Inventory:

Hand Weapons
 a - a -1 mace of flaming (weapon)
Missiles
 b - a stone (quivered)
Armour
 d - a +0 leather armour (worn)
Scrolls
 c - a scroll of magic mapping {unknown}
 f - a scroll of vulnerability {unknown}
Potions
 e - 2 potions of mutation {unknown}
 g - a potion of attraction {unknown}


   Skills:
 + Level 3.1 Fighting
 + Level 3.1 Maces & Flails
 - Level 1.0 Spellcasting
 - Level 3.0 Fire Magic


You had 2 spell levels left.
You didn't know any spells.
Your spell library contained the following spells:

 Spells                   Type           Power      Damage    Failure   Level
 Scorch                   Fire           18%        2d6       14%         2


Dungeon Overview and Level Annotations

Branches:
Dungeon (1/15)

Altars:


Message History

There are no items here.
There is an escape hatch in the floor here.
You see here a +0 club.
There is an open door here.
A rat comes into view.
Found a scroll labelled PUZY EWNEICU.
You hit the rat but do no damage. The rat barely misses you.
You completely miss the rat. The rat barely misses you.
The rat bites you but does no damage.
You hit the rat. You burn the rat.
You kill the rat!
e - 2 fuming dark potions
f - a scroll labelled PUZY EWNEICU
g - a lumpy green potion
Found a leather armour.
Found 16 gold pieces.
You see here a +0 leather armour.
Found a stone staircase leading down.
You now have 27 gold pieces (gained 16).
There are no items here.
There is a stone staircase leading down here.
A gnoll comes into view. It is wielding a +2 whip of venom.
The gnoll shouts!
You barely miss the gnoll. The gnoll barely misses you.
You hit the gnoll. You burn the gnoll.
The gnoll is moderately wounded.
The gnoll hits you with a +2 whip of venom.
You are poisoned.
The gnoll hits you with a +2 whip of venom.
You are lethally poisoned!
You hit the gnoll but do no damage.
The gnoll is moderately wounded.
You feel very sick.
The gnoll hits you with a +2 whip of venom.
You barely miss the gnoll.
The gnoll is moderately wounded.
* * * LOW HITPOINT WARNING * * *
You feel very sick.
The gnoll hits you with a +2 whip of venom.
You die...

.######..P.##.###..........
.# #..♣......#.>....######
.# #.P..##.#.#...........#
## #.#####.#.#.####.####.#
#.# #.#.#.# #.#
#.#####.#.######.#
#................#
#######.#.######## #....@.#
#..#.#g# #..#.#... #.
#.##### ## ..# #.# ###


You could see a gnoll.

Vanquished Creatures
  An endoplasm (D:1)
  A jackal (D:1)
  A kobold (D:1)
  A rat (D:1)
4 creatures vanquished.

Notes
Turn   | Place    | Note
-------+----------+-------------------------------------------
     0 | D:1      | monsoonserge the Human Cinder Acolyte began the quest for
                  | the Orb.
     0 | D:1      | Reached XP level 1. HP: 18/18 MP: 2/2
   172 | D:1      | Slain by a gnoll

Illustrated notes

Levels and vault maps discovered:
D:1:      erik_arrival_cave_to_civilisation [erik_arrival_cave_to_hall],
          layout_basic, serial_forest, infiniplex_forest_zigzag_2,
          infiniplex_forest_clump_tiny, infiniplex_forest_clump_tiny,
          infiniplex_forest_lined_room_3, chequers_serial_rivers_micro_e

Action                     || total
---------------------------++-------
  Melee: Mace              ||    13
 Armour: Leather armour    ||     2
  Dodge: Dodged            ||     8
